 Seeded DCSS version 0.28-a0-1506-g3893175d92 (webtiles) character file.

Game seed: 759471176321562610 (custom seed)

18 riojii the Magician (level 2, 21/23 HPs)
             Began as a Djinni Fire Elementalist on Jan 13, 2022.
             Quit the game on level 1 of the Dungeon.
             The game lasted 00:01:38 (1494 turns).

riojii the Magician (Djinni Fire Elementalist)      Turns: 1494, Time: 00:01:38

Health: 21/23      AC:  4    Str:  7    XL:     2   Next: 90%
Gold:   30         EV: 12    Int: 16    God:
                   SH:  0    Dex: 13

rFire   + + .      SeeInvis .   (no weapon)
rCold   x . .      Faith    .   (no shield)
rNeg    . . .      Spirit   .   a - +0 robe
rPois   ∞          Reflect  .   (no helmet)
rElec   .          Harm     .   (no cloak)
rCorr   .          Rampage  .   (no gloves)
Will    .....                   (boots unavailable)
Stlth   ++........              (no amulet)
HPRegen 0.07/turn               (no ring)
MPRegen 0.00/turn               (no ring)

@: flying
A: sickness immunity, fire resistance 2, cold vulnerability 1, float, innate
caster, hp casting, extra vitality 1, iridescent scales 1, mutation resistance
1, robust 1, subdued magic 1
a: no special abilities


You were on level 1 of the Dungeon.
You visited 1 branch of the dungeon, and saw 1 of its levels.

You collected 30 gold pieces.

Inventory:

Armour
 a - a +0 robe (worn)
Jewellery
 f - a ring of resist corrosion
Scrolls
 c - 2 scrolls of teleportation {unknown}
 d - a scroll of fear {unknown}
 e - 3 scrolls of identify {unknown}
Potions
 g - a potion of curing {unknown}
 h - a potion of brilliance {unknown}


   Skills:
 - Level 2.1 Dodging
 - Level 1.5 Stealth
 + Level 3.1 Spellcasting


You couldn't memorise any spells.
You knew the following spells:

 Your Spells              Type           Power      Damage    Failure   Level
a - Foxfire               Conj/Fire      36%        2x1d5     3%          1
b - Scorch                Fire           18%        2d5       6%          2
c - Conjure Flame         Conj/Fire      9%         6-21      13%         3
d - Inner Flame           Hex/Fire       9%         N/A       13%         3
e - Flame Wave            Conj/Fire      9%         2d4       41%         4
Your spell library was empty.

Dungeon Overview and Level Annotations

Branches:
Dungeon (1/15)

Altars:


Innate Abilities, Weirdness & Mutations

You are immune to sickness and miasma.
You are immune to poison.
Your flesh is very heat resistant. (rF++)
You are vulnerable to cold. (rC-)
You float through the air rather than walking.
You learn spells naturally, not from books.
Your magical power is your life essence.
You have superior vitality. (+4 MHP)
You are partially covered in iridescent scales. (AC +2)
You are somewhat resistant to further mutation.
You are robust. (+10% HP)
Your spells are a little easier to cast, but a little less powerful.


Message History

As you open the door, it creaks loudly!
There is an open door here.
You reach down and open the door.
There is an open door here.
e - 3 scrolls labelled GUXOZ VUOV MAL (gained 2)
You reach down and open the door.
There is an open door here.
A bat comes into view.
A bat is nearby!
Casting: Foxfire (safe; 5% risk of failure)
Confirm with . or Enter, or press ? or * to list all spells.
You don't know that spell.
You conjure some foxfire!
The foxfire hits the bat but does no damage.
The foxfire hits the bat.
The bat is moderately wounded.
You conjure some foxfire!
The foxfire hits the bat.
You kill the bat!
Your foxfire dissipates!
Found a stone staircase leading down.
Found 22 sling bullets.
There is a stone staircase leading down here.
You now have 30 gold pieces (gained 1).
b - 3 fizzy blue potions (gained 2)
You see here 22 sling bullets.
Done exploring.
Done exploring.
It was a potion of mutation.
You feel extremely strange.
You feel robust.
You feel a strange attunement to the structure of the dungeons.
Your fingernails lengthen.
You feel extremely strange.
You feel slightly disoriented.
Your fingernails shrink to normal size.
You feel yourself wasting away.
Your connection to magic feels subdued.
You feel the urge to shout.
You feel extremely strange.
You feel healthier.
Your urge to shout disappears.
You feel genetically stable.
Iridescent scales grow over part of your body.
Are you sure you want to abandon this character and quit the game? (Confirm with "yes".)

#####.#.........##......#########
...............................##
.####.#..........................
.........##...####...........#.##
#####.##+#..#..####............#.
#.......>..................+.
#......###.####..##........#.
##.....# #.###...##..........
#.....# #.#@.....#........##
###+#.# #...##.....#......#.
#.#.# ######..##...###..#. #...#
#..####.###..#. #...# #..#
#......#. #...# #.)# ####...#.
#.#.# #..# #.###. #.#.########..#
#.# #. #.#...........# #.# #.


There were no monsters in sight!

Vanquished Creatures
  5 endoplasms (D:1)
  A giant cockroach (D:1)
  2 goblins (D:1)
  2 hobgoblins (D:1)
  2 kobolds (D:1)
  A quokka (D:1)
  A bat (D:1)
  A rat (D:1)
15 creatures vanquished.

Vanquished Creatures (others)
  42 foxfires (D:1)
42 creatures vanquished.

Grand Total: 57 creatures vanquished

Notes
Turn   | Place    | Note
-------+----------+-------------------------------------------
     0 | D:1      | riojii the Djinni Fire Elementalist began the quest for the
                  | Orb.
     0 | D:1      | Reached XP level 1. HP: 15/15 MP: 0/0
   710 | D:1      | Reached XP level 2. HP: 18/21 MP: 0/0
  1062 | D:1      | Reached skill level 3 in Spellcasting
  1491 | D:1      | Gained mutation: You are robust. (+10% HP) [potion of
                  | mutation]
  1491 | D:1      | Gained mutation: You passively map a small area around you.
                  | [potion of mutation]
  1491 | D:1      | Gained mutation: You have sharp fingernails. [potion of
                  | mutation]
  1492 | D:1      | Lost mutation: You passively map a small area around you.
                  | [potion of mutation]
  1492 | D:1      | Lost mutation: You have sharp fingernails. [potion of
                  | mutation]
  1492 | D:1      | Gained mutation: Your body sometimes deteriorates upon
                  | taking damage. [potion of mutation]
  1492 | D:1      | Gained mutation: Your spells are a little easier to cast,
                  | but a little less powerful. [potion of mutation]
  1492 | D:1      | Gained mutation: You occasionally shout uncontrollably at
                  | your foes. [potion of mutation]
  1493 | D:1      | Lost mutation: Your body sometimes deteriorates upon taking
                  | damage. [potion of mutation]
  1493 | D:1      | Lost mutation: You occasionally shout uncontrollably at
                  | your foes. [potion of mutation]
  1493 | D:1      | Gained mutation: You are somewhat resistant to further
                  | mutation. [potion of mutation]
  1493 | D:1      | Gained mutation: You are partially covered in iridescent
                  | scales. (AC +2) [potion of mutation]
  1494 | D:1      | Quit the game

Illustrated notes

Levels and vault maps discovered:
D:1:      dpeg_arrival_rooms_c, layout_basic

Skill      XL: |  1  2 |
---------------+-------+-----
Spellcasting   | 3 |  3.1
Dodging        | |  2.1
Stealth        | |  1.5

Action                   || total
-------------------------++-------
 Cast: Foxfire           ||    29
       Scorch            ||     4
  Use: Potion            ||     3
Armor: Robe              ||     1
Dodge: Dodged            ||     5

Table legend: (Time is in decaauts)
 A = Elapsed time spent in this place.
 B = Non-inter-level travel time spent in this place.
 C = Inter-level travel time spent in this place.
 D = Time resting spent in this place.
 E = Time spent auto-exploring this place.
 F = Levels seen in this place.
 G = Mean time per level.
                   A        B        C        D        E       F      G
               +--------+--------+--------+--------+--------+-----+--------+
         Total |   1494 |   1494 |      0 |      0 |   1391 |   1 | 1494.0 |
       Dungeon |   1494 |   1494 |      0 |      0 |   1391 |   1 | 1494.0 |
               +--------+--------+--------+--------+--------+-----+--------+

Top non-repeatable levels by time:
     D:1: 1494 daAuts
